Map: Rhoskallian LE

Players

Massa - Winner!

  • Race: Terran Terran
  • League: Gold
  • Spawn Location: 6:00

qqq - Winner!

  • Race: Protoss Protoss
  • Spawn Location: 5:00

LieSheng

  • Race: Terran Terran
  • League: Platinum
  • Spawn Location: 12:00

Tim

  • Race: Zerg Zerg
  • Spawn Location: 11:00

VOD

Have the link to the VOD?

Description

Time

  • Played on: June 27, 2020, 8:44 a.m.
  • Length: 19:55
Show
View Real Time Build Order
Export as new Build Order

Massa Terran - Winner!

Build Orders:  

Get SALT Encoding   

  12  0:07  SCV  
  13  0:19  Supply Depot, SCV  
  14  0:31  SCV  
  15  0:42  Barracks  
  15  0:43  SCV  
  16  1:03  Supply Depot  
  16  1:09  SCV  
  17  1:32  Command Center  
  17  1:37  Marine  
  18  1:48  Bunker  
  18  1:55  Marine  
  19  2:10  SCV  
  20  2:16  Refinery  
  20  2:20  Marine  
  20  2:22  SCV  
  23  2:37  Refinery  
  23  2:41  Orbital Command  
  22  2:46  Marine  
  22  2:47  SCV  
  24  2:54  Barracks  
  24  2:59  SCV  
  24  3:04  Marine  
  26  3:08  SCV  
  26  3:11  SCV  
  28  3:20  SCV  
  28  3:21  Marine  
  28  3:23  SCV  
  28  3:24  Supply Depot  
  31  3:32  SCV  
  32  3:36  Factory  
  32  3:39  Marine  
  33  3:45  Barracks  
  33  3:47  Supply Depot  
  33  3:49  Barracks Tech Lab  
  33  3:54  SCV x2  
  35  4:03  Engineering Bay  
  35  4:06  SCV  
  36  4:15  SCV  
  37  4:18  SCV  
  40  4:24  Factory Tech Lab  
  40  4:27  Stimpack, SCV  
  40  4:30  SCV  
  40  4:39  SCV  
  40  4:42  SCV  
  40  4:44  Missile Turret  
  42  4:46  Missile Turret  
  42  4:49  Starport  
  42  4:51  SCV  
  43  4:54  Missile Turret, SCV  
  43  4:58  Missile Turret  
  44  5:01  Siege Tank  
  44  5:02  Marine, Marauder  
  44  5:23  Marauder  
  43  5:45  Marauder  
  43  5:46  Terran Infantry Weapons Level 1  
  45  5:54  Missile Turret  
  45  5:59  Missile Turret  
  45  6:03  Armory  
  45  6:04  Medivac  
  45  6:06  Marauder  
  49  6:14  Concussive Shells  
  49  6:16  Orbital Command, Missile Turret  
  49  6:17  SCV  
  50  6:28  Marauder  
  50  6:29  SCV  
  53  6:35  Barracks Reactor  
  53  6:41  SCV  
  54  6:55  Supply Depot  
  54  6:56  Barracks Tech Lab  
  54  7:03  Supply Depot  
  54  7:13  Command Center  
  54  7:16  Marine x2, SCV  
  54  7:17  Marauder  
  54  7:20  Supply Depot  
  54  7:21  Supply Depot  
  59  7:29  SCV  
  60  7:34  Marine x2  
  60  7:35  Thor  
  68  7:38  Marauder  
  70  7:46  Combat Shield  
  70  7:52  Marine x2  
  72  7:58  Refinery  
  72  7:59  Marauder  
  72  8:01  Refinery, SCV x2  
  76  8:12  Terran Vehicle Weapons Level 1  
  76  8:13  SCV x2  
  78  8:21  Marauder  
  78  8:25  SCV x2  
  82  8:27  Siege Tank  
  82  8:28  Marine, Marauder  
  82  8:29  Marine  
  89  8:37  SCV x2  
  91  8:42  Marauder  
  91  8:44  SCV  
  91  8:46  Marine  
  91  8:47  Marine  
  96  8:49  Marine, SCV x2  
  96  8:50  Medivac  
  101  9:11  Supply Depot x2  
  101  9:12  Supply Depot x2  
  101  9:32  Marine x4, SCV x2  
  101  9:33  SCV  
  101  9:34  Supply Depot  
  101  9:35  Supply Depot  
  101  9:36  Supply Depot  
  101  9:37  Supply Depot  
  107  9:45  SCV x3  
  104  9:50  Marine x2  
  94  9:57  SCV x3  
  97  10:00  Marauder  
  97  10:01  Marine  
  97  10:03  Thor  
  104  10:08  Marine, Marauder  
  104  10:09  SCV  
  100  10:19  Marine  
  95  10:21  Marauder  
  95  10:22  Missile Turret  
  95  10:23  Missile Turret  
  95  10:26  Marine  
  95  10:27  Missile Turret x2  
  80  10:28  Missile Turret  
  80  10:30  Marauder  
  72  10:36  Marine  
  72  10:39  Missile Turret x2  
  72  10:42  Missile Turret  
  75  10:43  Marine, Marauder  
  75  10:46  Thor  
  75  10:47  SCV x2  
  75  10:48  SCV  
  85  10:51  Marauder  
  85  10:54  Marine  
  88  10:59  SCV x2  
  88  11:00  Refinery  
  88  11:01  Marine  
  88  11:02  Missile Turret, Refinery  
  94  11:04  Marauder  
  94  11:09  Orbital Command  
  93  11:13  Marauder  
  95  11:23  Terran Infantry Armor Level 1  
  95  11:24  Terran Vehicle Weapons Level 2  
  97  11:25  Medivac, Marauder  
  99  11:34  Marauder  
  101  11:41  SCV  
  101  11:42  SCV x2  
  106  11:47  Command Center, Marauder  
  106  11:53  SCV  
  106  11:54  SCV x2  
  109  11:55  Medivac, Marauder  
  109  11:56  Marine  
  109  11:57  Marine  
  115  12:05  SCV  
  115  12:06  SCV  
  117  12:24  Supply Depot  
  117  12:27  Supply Depot x2  
  117  12:30  Supply Depot  
  117  12:34  Missile Turret  
  117  12:35  Missile Turret  
  117  12:46  Marauder x2, SCV x3  
  117  12:47  Supply Depot  
  117  12:50  Supply Depot  
  111  12:55  Missile Turret  
  111  12:57  Missile Turret  
  111  12:58  SCV x3  
  103  13:03  Marine  
  97  13:07  Marauder x2  
  97  13:10  SCV  
  96  13:18  Missile Turret  
  96  13:19  Missile Turret  
  96  13:29  Marauder x2  
  70  13:50  Marine, Marauder x2  
  70  13:51  Marine  
  70  13:57  Thor  
  73  14:08  Marine  
  73  14:09  Marine  
  63  14:12  Marauder x2  
  67  14:20  Command Center  
  67  14:26  Marine x2  
  69  14:33  Marauder x2  
  71  14:40  Thor  
  71  14:44  Marine  
  76  14:48  Command Center  
  76  14:53  Marine  
  76  14:54  Marauder x2  
  81  15:02  Marine  
  81  15:03  SCV x2  
  84  15:11  Marine  
  85  15:15  SCV x2  
  85  15:16  Marauder x2  
  85  15:20  Marine  
  92  15:23  Siege Tank  
  92  15:27  SCV x2  
  97  15:30  Marine  
  98  15:37  Marine, Marauder x2  
  98  15:39  SCV x2  
  105  15:43  Terran Infantry Armor Level 2  
  105  15:48  Engineering Bay, Marine  
  106  15:51  SCV  
  106  15:53  Terran Vehicle And Ship Armor Level 1  
  107  15:59  Marauder x2  
  107  16:01  Orbital Command  
  111  16:20  Marauder x2  
  111  16:23  SCV x2  
  116  16:35  SCV x2  
  116  16:39  Command Center  
  118  16:41  Marauder  
  118  16:47  SCV x2  
  120  16:59  SCV  
  121  17:08  SCV x2  
  122  17:11  SCV  
  124  17:20  SCV  
  124  17:21  SCV  
  126  17:23  SCV  
  127  17:32  SCV  
  127  17:33  SCV  
  127  17:36  SCV  
  127  17:44  SCV  
  127  17:45  SCV  
  127  17:48  SCV  
  130  17:56  SCV  
  130  17:57  SCV  
  132  17:59  Medivac  
  132  18:03  Orbital Command, Refinery  
  132  18:07  Refinery  
  126  18:21  Command Center  
  126  18:29  Medivac  
Show
View Real Time Build Order
Export as new Build Order

qqq Protoss - Winner!

Build Orders: Carriers 

Get SALT Encoding   

  12  0:02  Probe  
  14  0:14  Probe  
  14  0:19  Pylon  
  14  0:28  Pylon  
  14  0:46  Gateway  
  14  0:53  Forge  
  14  1:02  Pylon  
  14  1:11  Probe  
  15  1:23  Probe  
  16  1:35  Probe  
  17  1:47  Nexus  
  17  1:57  Cybernetics Core  
  17  2:03  Assimilator  
  17  2:08  Assimilator  
  17  2:11  Probe  
  18  2:23  Probe  
  18  2:25  Photon Cannon  
  19  2:35  Probe  
  20  2:48  Probe  
  21  3:00  Pylon, Probe x2  
  23  3:12  Probe x2  
  25  3:17  Stargate  
  25  3:24  Probe  
  26  3:36  Probe  
  26  3:38  Stargate  
  27  3:48  Photon Cannon, Probe  
  28  3:58  Robotics Facility  
  28  4:00  Probe  
  29  4:12  Probe  
  29  4:13  Pylon  
  30  4:22  Photon Cannon  
  30  4:24  Phoenix  
  30  4:25  Probe  
  33  4:32  Assimilator  
  33  4:35  Assimilator  
  33  4:37  Probe  
  34  4:39  Phoenix  
  36  4:47  Photon Cannon  
  36  4:49  Probe  
  37  4:55  Phoenix  
  39  5:01  Probe  
  40  5:13  Probe  
  41  5:38  Probe  
  42  5:43  Nexus  
  42  5:45  Phoenix x2  
  42  5:47  Pylon  
  47  5:50  Observer, Probe  
  48  6:02  Photon Cannon, Probe  
  49  6:06  Protoss Air Weapons Level 1  
  49  6:08  Photon Cannon  
  49  6:14  Probe  
  50  6:19  Phoenix  
  50  6:23  Phoenix  
  54  6:26  Probe  
  55  6:38  Probe  
  56  6:44  Phoenix  
  58  6:47  Phoenix  
  58  6:50  Probe  
  61  7:00  Fleet Beacon  
  61  7:02  Probe  
  61  7:03  Pylon  
  61  7:07  Probe  
  63  7:09  Phoenix  
  63  7:15  Probe  
  66  7:17  Phoenix  
  66  7:19  Probe  
  69  7:27  Probe  
  70  7:39  Probe  
  71  7:46  Carrier  
  71  7:47  Carrier  
  71  7:51  Probe  
  84  8:01  Assimilator  
  84  8:03  Probe  
  84  8:04  Assimilator  
  85  8:06  Anion Pulse-Crystals  
  85  8:15  Probe  
  86  8:22  Protoss Air Armor Level 1  
  86  8:27  Probe  
  87  8:35  Observer  
  87  8:38  Probe  
  89  8:46  Probe  
  89  8:51  Carrier  
  89  8:54  Probe  
  97  9:06  Probe  
  97  9:18  Probe  
  98  9:37  Pylon  
  98  9:41  Pylon  
  98  9:46  Pylon  
  98  9:55  Mothership  
  98  9:59  Carrier  
  112  10:04  Carrier  
  112  10:07  Pylon  
  109  10:52  Stargate  
  109  10:55  Stargate  
  109  11:03  Carrier  
  115  11:08  Carrier  
  121  11:20  Pylon  
  121  11:23  Pylon, Probe  
  121  11:25  Nexus  
  122  11:28  Pylon x2  
  122  11:30  Pylon x2  
  122  11:31  Observer  
  122  11:32  Pylon  
  123  11:35  Probe  
  123  11:36  Pylon  
  123  11:37  Protoss Air Weapons Level 2  
  124  11:46  Pylon  
  124  11:47  Probe  
  125  11:59  Probe  
  120  12:07  Tempest  
  120  12:08  Carrier x2  
  137  12:11  Probe  
  137  12:13  Carrier  
  142  12:37  Probe  
  143  12:50  Probe, Carrier  
  150  12:55  Photon Cannon  
  150  12:56  Photon Cannon  
  150  12:59  Photon Cannon  
  150  13:02  Probe  
  150  13:12  Carrier x2  
  162  13:33  Photon Cannon  
  162  13:35  Photon Cannon  
  162  13:39  Photon Cannon  
  162  13:40  Photon Cannon  
  162  13:42  Shield Battery, Photon Cannon  
  162  13:43  Photon Cannon  
  162  13:44  Pylon  
  162  13:45  Photon Cannon  
  162  13:47  Pylon, Photon Cannon  
  162  13:49  Photon Cannon  
  162  13:50  Pylon  
  162  13:52  Photon Cannon  
  162  13:54  Pylon  
  162  13:55  Nexus  
  162  13:57  Carrier x2  
  170  14:11  Protoss Air Armor Level 2  
  170  14:16  Carrier  
  176  14:21  Carrier  
  182  14:31  Photon Cannon  
  182  14:33  Shield Battery  
  182  15:01  Carrier  
  184  15:30  Carrier  
  184  15:31  Carrier  
  190  16:08  Probe  
  186  16:20  Probe  
  186  16:32  Probe  
  186  16:47  Photon Cannon  
  186  16:48  Probe  
  186  16:49  Photon Cannon  
  186  17:00  Probe  
  187  17:12  Probe  
  188  17:25  Probe  
  189  17:37  Probe  
  190  17:50  Carrier  
  190  18:44  Pylon  
  190  18:53  Pylon  
  190  19:03  Pylon  
  190  19:09  Observer  
  191  19:18  Pylon  
Show
View Real Time Build Order
Export as new Build Order

LieSheng Terran 

Build Orders:  

Get SALT Encoding   

  12  0:01  SCV  
  13  0:13  SCV  
  14  0:19  Supply Depot  
  14  0:25  SCV  
  15  0:41  SCV  
  16  0:43  Barracks  
  16  0:47  Refinery  
  16  0:53  SCV  
  17  1:05  SCV  
  18  1:17  SCV  
  19  1:22  Supply Depot  
  19  1:31  Orbital Command  
  19  1:33  Marine  
  20  1:42  Barracks  
  20  1:57  SCV  
  20  2:01  Factory  
  21  2:07  Marine  
  22  2:09  SCV  
  23  2:21  Supply Depot  
  23  2:23  SCV  
  23  2:27  Refinery  
  24  2:38  SCV  
  24  2:39  Barracks Tech Lab  
  24  2:42  Marine  
  26  2:51  Starport  
  26  2:56  Widow Mine  
  26  2:58  SCV  
  29  3:01  Marine x2  
  31  3:21  Command Center  
  31  3:26  SCV  
  32  3:28  Factory Tech Lab  
  32  3:34  Medivac  
  34  3:43  Stimpack  
  34  3:44  Marine  
  34  3:47  Marine  
  36  3:52  SCV  
  37  3:59  Supply Depot  
  37  4:07  Starport Tech Lab  
  37  4:08  Barracks Reactor  
  37  4:12  Marine  
  38  4:24  SCV  
  39  4:33  Engineering Bay  
  39  4:36  SCV  
  39  4:37  Engineering Bay  
  40  4:43  Orbital Command  
  40  4:49  SCV  
  36  5:22  SCV  
  36  5:26  Missile Turret  
  36  5:31  Terran Infantry Weapons Level 1  
  36  5:32  Terran Infantry Armor Level 1  
  36  5:33  Siege Tank  
  36  5:36  Missile Turret  
  36  5:44  Missile Turret, SCV  
  36  5:49  SCV  
  38  5:54  Marine x3, Missile Turret  
  41  5:58  Combat Shield  
  41  6:04  Viking  
  41  6:05  Refinery  
  43  6:13  SCV x2  
  43  6:14  Refinery  
  43  6:18  Marine x2, Marauder  
  49  6:21  Armory  
  49  6:25  Supply Depot  
  49  6:35  SCV x2  
  49  6:38  Siege Tank  
  54  6:40  Medivac  
  54  6:42  Marine x2  
  54  6:43  Marauder  
  60  6:54  Supply Depot  
  60  7:07  SCV x2  
  62  7:10  Viking  
  64  7:15  Command Center  
  63  7:40  Marine x3  
  65  7:51  Missile Turret  
  65  7:52  Thor  
  65  7:56  Terran Vehicle And Ship Armor Level 1  
  65  7:58  Marine x2, Marauder  
  75  8:00  Missile Turret  
  75  8:10  Supply Depot  
  75  8:25  Marine, Marauder  
  75  8:27  Marine  
  78  8:31  Supply Depot  
  79  8:34  Barracks  
  79  8:40  Starport  
  79  8:43  Marine  
  80  8:49  Marine  
  80  8:50  Marauder  
  83  8:59  Thor  
  83  9:01  Marine  
  83  9:02  SCV  
  91  9:11  Medivac  
  93  9:32  Marine x3, Marauder  
  98  9:42  Siege Tank  
  88  9:50  Marine x3  
  68  9:53  Marauder  
  70  10:08  Marine x3  
  70  10:12  SCV  
  74  10:14  Siege Tank  
  74  10:15  Marauder  
  79  10:25  Marine  
  79  10:26  Marine  
  79  10:28  Marine  
  78  10:36  Marauder  
  78  10:42  Missile Turret, Planetary Fortress  
  80  10:43  Marine x2  
  80  10:46  Marine  
  80  10:47  Missile Turret  
  80  10:48  SCV  
  80  10:49  SCV  
  85  10:57  Marauder  
  85  11:01  Marine x2, Terran Infantry Weapons Level 2  
  85  11:02  Refinery  
  85  11:04  Marine  
  90  11:07  Starport Reactor, Missile Turret  
  90  11:09  Viking  
  92  11:12  Terran Infantry Armor Level 2  
  92  11:14  Command Center  
  92  11:18  Supply Depot  
  92  11:19  Marauder  
  94  11:30  Missile Turret  
  94  11:31  Barracks Reactor, Marine x2  
  96  11:33  Thor  
  96  11:39  Viking  
  104  11:40  Marine  
  104  11:43  Viking  
  107  11:52  Refinery  
  81  12:04  Marine x2, Marauder  
  81  12:07  Viking  
  87  12:08  SCV x2  
  87  12:09  Viking  
  87  12:13  Marine x2  
  93  12:22  Marine x2  
  95  12:25  Marine  
  95  12:28  Thor  
  102  12:31  Marine x2  
  104  12:37  Factory  
  104  12:44  SCV x3  
  105  12:51  Missile Turret  
  105  12:57  Marine, Marauder  
  72  13:07  Viking x3  
  72  13:08  Marine x2  
  72  13:09  Marine  
  81  13:14  SCV x3  
  81  13:15  Marine  
  81  13:19  Marauder  
  87  13:23  Starport  
  87  13:26  Marine, SCV  
  89  13:37  Viking x2, Factory Tech Lab, Thor  
  89  13:38  Marine x2  
  89  13:39  Marine  
  89  13:40  Marauder  
  98  13:50  SCV x2  
  100  14:07  Marine x4, Marauder  
  106  14:10  Medivac, Viking x2, Starport Reactor  
  106  14:12  SCV  
  113  14:24  Marine  
  113  14:25  Marine x3  
  113  14:31  Barracks  
  117  14:35  Barracks, Supply Depot  
  110  15:04  Marine x5  
  110  15:06  Viking x5  
  108  15:08  Thor  
  106  15:22  Marine, Planetary Fortress  
  106  15:23  SCV  
  106  15:24  SCV x2  
  106  15:28  Missile Turret  
  110  15:30  Missile Turret  
  110  15:47  Viking  
  64  16:04  Missile Turret x2  
  64  16:05  Missile Turret x2  
  64  16:06  Missile Turret  
  64  16:08  Missile Turret  
  64  16:09  Missile Turret  
  64  16:10  Missile Turret  
  26  17:02  SCV  
  26  17:05  SCV  
  26  17:07  Marine x5  
  33  17:14  SCV  
  34  17:17  SCV  
  29  17:24  Marine  
  29  17:25  Marine x4  
  29  17:26  SCV  
  29  17:29  SCV  
  36  17:38  SCV  
  36  17:41  SCV  
  36  17:42  Marine  
  36  17:43  Marine x4  
  35  17:50  SCV  
  33  17:53  SCV  
  29  18:00  Marine x3  
  29  18:01  Marine x2  
  29  18:05  SCV  
  31  18:15  Liberator  
  31  18:18  Marine x5  
  19  18:36  Marine x5  
  24  18:54  Marine  
  25  18:58  Liberator  
  28  19:14  Marine x4  
Show
View Real Time Build Order
Export as new Build Order

Tim Zerg 

Build Orders: Hatch First, Lurkers 

Get SALT Encoding   

  12  0:05  Drone  
  13  0:13  Drone  
  14  0:18  Overlord  
  14  0:37  Drone  
  15  0:49  Hatchery  
  14  0:56  Drone x2  
  16  1:10  Overlord  
  16  1:28  Drone x2  
  18  1:33  Spawning Pool  
  18  1:39  Drone  
  18  1:54  Drone  
  18  1:58  Drone  
  20  2:01  Drone  
  20  2:04  Drone  
  20  2:08  Hatchery  
  21  2:13  Drone x2  
  24  2:22  Drone  
  24  2:23  Drone  
  24  2:26  Queen  
  27  2:34  Queen  
  29  2:41  Drone x2  
  31  2:45  Drone  
  31  2:46  Drone  
  33  2:56  Overlord  
  33  2:59  Drone  
  34  3:10  Queen  
  36  3:20  Drone x5  
  36  3:22  Queen  
  43  3:29  Drone x2  
  45  3:34  Extractor x2  
  45  3:36  Overlord x2  
  45  3:37  Drone  
  45  3:38  Drone x2  
  46  3:45  Drone  
  46  3:46  Drone x3  
  46  3:48  Overlord  
  50  3:52  Extractor  
  50  3:53  Extractor  
  48  3:56  Evolution Chamber  
  47  4:03  Drone x2  
  47  4:06  Drone x2  
  47  4:07  Drone  
  52  4:11  Drone x2  
  54  4:19  Spore Crawler  
  54  4:20  Drone  
  54  4:21  Spore Crawler  
  54  4:24  Lair  
  53  4:43  Extractor x2  
  53  4:44  Drone x2  
  53  4:45  Drone, Hatchery  
  54  4:46  Drone x3  
  54  4:47  Drone  
  54  4:48  Drone x3  
  54  4:50  Drone x2  
  62  4:55  Zerg Melee Weapons Level 1  
  62  4:56  Overlord x2  
  62  4:57  Metabolic Boost  
  62  5:04  Overlord x2  
  62  5:07  Drone  
  63  5:14  Spore Crawler  
  62  5:25  Hydralisk Den  
  61  5:29  Infestation Pit  
  61  5:30  Spire  
  61  5:32  Drone x4  
  61  5:33  Spore Crawler, Drone  
  63  5:39  Spore Crawler  
  63  5:42  Drone x4  
  66  5:44  Drone  
  67  6:03  Extractor x2  
  65  6:04  Drone  
  65  6:05  Drone x9  
  65  6:10  Drone x2  
  65  6:11  Drone x2  
  79  6:12  Drone  
  80  6:23  Drone  
  80  6:24  Drone x2  
  80  6:25  Drone x3  
  86  6:26  Drone  
  86  6:30  Spore Crawler  
  86  6:33  Spine Crawler  
  86  6:34  Spore Crawler  
  84  6:40  Drone x2  
  84  6:41  Drone x3  
  84  6:42  Drone  
  90  6:48  Spine Crawler  
  90  6:49  Zerg Missile Weapons Level 1  
  90  6:50  Spore Crawler  
  88  7:00  Hive  
  88  7:02  Zerg Flyer Weapons Level 1  
  88  7:04  Burrow  
  88  7:06  Pneumatized Carapace  
  88  7:08  Drone x3  
  91  7:09  Drone x2  
  91  7:10  Drone  
  91  7:14  Mutalisk  
  91  7:15  Mutalisk x5  
  106  7:22  Mutalisk x3  
  106  7:25  Overlord  
  106  7:26  Overlord x2  
  112  7:30  Overlord x2  
  112  7:40  Spore Crawler  
  112  7:41  Spore Crawler, Hydralisk  
  112  7:43  Spore Crawler  
  111  7:48  Spore Crawler  
  111  7:50  Spore Crawler  
  109  7:51  Spore Crawler, Hydralisk  
  109  7:52  Spore Crawler, Hydralisk x4  
  109  7:54  Hydralisk  
  119  8:01  Spore Crawler  
  119  8:02  Spore Crawler  
  119  8:04  Spore Crawler  
  116  8:09  Hatchery  
  116  8:12  Extractor  
  114  8:13  Extractor  
  114  8:17  Hatchery  
  112  8:20  Extractor  
  112  8:21  Extractor  
  110  8:43  Zerg Melee Weapons Level 2  
  110  8:48  Grooved Spines  
  110  8:49  Lurker Den  
  110  8:50  Mutalisk  
  110  8:51  Mutalisk x5  
  110  8:52  Mutalisk x7  
  135  8:59  Zerg Flyer Weapons Level 2  
  133  9:24  Hydralisk  
  133  9:27  Overlord x8  
  133  9:28  Overlord  
  133  9:45  Hydralisk  
  133  9:46  Hydralisk x10  
  133  9:52  Lurker x3  
  158  9:53  Lurker  
  158  9:54  Lurker  
  158  9:55  Lurker  
  161  10:00  Muscular Augments  
  134  10:28  Drone x17  
  94  10:44  Drone x3  
  94  10:45  Queen  
  94  10:48  Drone  
  100  10:58  Drone  
  100  10:59  Zerg Ground Armor Level 1  
  101  11:15  Zerg Flyer Armor Level 1  
  101  11:21  Queen  
  101  11:24  Hatchery  
  99  11:32  Hatchery  
  98  11:38  Hydralisk  
  98  11:39  Hydralisk x8  
  116  12:00  Hydralisk  
  116  12:01  Hydralisk x2  
  122  12:08  Spine Crawler  
  122  12:09  Spore Crawler  
  122  12:10  Drone  
  122  12:11  Spine Crawler  
  122  12:12  Spore Crawler  
  113  12:32  Hydralisk x7  
  113  12:33  Hydralisk  
  129  12:43  Hydralisk  
  131  12:44  Hydralisk x5  
  135  12:53  Hydralisk  
  135  12:55  Hydralisk  
  135  12:56  Hydralisk  
  114  13:56  Hydralisk  
  114  13:57  Hydralisk x9  
  98  14:18  Spore Crawler  
  98  14:19  Spore Crawler  
  96  14:29  Drone x3  
  91  14:38  Spore Crawler  
  91  14:39  Spore Crawler  
  91  14:41  Spore Crawler x2  
  82  14:53  Lurker x3  
  82  14:58  Spore Crawler  
  82  14:59  Spore Crawler  
  82  15:01  Spore Crawler, Hydralisk x6  
  91  15:16  Hydralisk x3  
  91  15:17  Hydralisk x7  
  79  15:47  Hydralisk  
  79  15:48  Hydralisk x9  
  99  16:08  Hydralisk x8  
  69  16:49  Hydralisk  
  69  16:50  Hydralisk x11  
  78  17:14  Spawning Pool  
  78  17:15  Spore Crawler  
  70  17:16  Spore Crawler x2  
  70  17:18  Spore Crawler  
  36  17:49  Overlord x3  
  36  17:51  Spawning Pool  
Tags
 
Add a new tag
Caveats
  • Supply blocks, unpowered buildings, or Contaminate may cause inaccurate times.
  • Supply counts are checked every 10 seconds.